 Dungeon Crawl Stone Soup version 0.32-a0-7-ge934b4519a (webtiles) character file.

Game seed: 2081468442730738627

1103 zazu2006 the Magician (level 8, 0/57 (60) HPs)
             Began as a Gnoll Wanderer on Jan 14, 2024.
             Was a Believer of Vehumet.
             Slain by a wight
             ... wielding a +0 battleaxe
              (12 damage)
             ... on level 6 of the Dungeon.
             The game lasted 00:10:22 (5091 turns).

zazu2006 the Magician (Gnoll Wanderer)              Turns: 5091, Time: 00:10:23

HP:   0/57 (60)     AC:  8    Str: 16 (17) XL:     8   Next: 32%
MP:   19/19         EV: 10    Int: 11      God:    Vehumet [**....]
Gold: 283           SH:  0    Dex: 10      Spells: 17/22 levels left

rFire   + . .        o - +8 hand axe "Meamipe" {freeze, +Blink Str+3 Int-2}
rCold   . . .        (no shield)
rNeg    . . .        b - +0 scale mail
rPois   .            (no helmet)
rElec   .            (no cloak)
rCorr   .            (no gloves)
SInv    .            (no boots)
Will    .....        A - amulet of the acrobat
Stlth   +            i - ring of wizardry
HPRegen 0.29/turn    m - ring of protection from fire
MPRegen 0.16/turn

%: acrobat, wizardry (x1)
@: drained
A: fangs 1, strong nose, distributed training
a: Renounce Religion, Evoke Blink


You were on level 6 of the Dungeon.
You worshipped Vehumet.
Vehumet was pleased with you.
You visited 2 branches of the dungeon, and saw 7 of its levels.
You also visited: Sewer.

You collected 283 gold pieces.

Inventory:

Hand Weapons
 a - a +0 club
 o - the +8 hand axe "Meamipe" (weapon) {freeze, +Blink Str+3 Int-2}
   (You found it on level 2 of the Dungeon)

   Str+3:     It affects your strength (+3).
   Int-2:     It affects your intelligence (-2).
   +Blink:    It lets you blink.
Missiles
 B - 2 throwing nets
Armour
 b - a +0 scale mail (worn)
 z - a +0 tower shield
 G - a +0 buckler
Jewellery
 g - a +5 ring of evasion
 h - a ring of fire
 i - a ring of wizardry (left hand)
 m - a ring of protection from fire (right hand)
 v - a ring of flight
 w - a ring of poison resistance
 A - an amulet of the acrobat (around neck)
Wands
 d - a wand of polymorph (17)
Scrolls
 c - 2 scrolls of silence
 j - a scroll of enchant weapon
 k - 5 scrolls of blinking
 n - a scroll of vulnerability
 p - a scroll of poison {unknown}
 s - a scroll of noise {unknown}
 u - a scroll of fog {unknown}
 y - 4 scrolls of summoning {unknown}
 C - a scroll of immolation {unknown}
 D - a scroll of acquirement {unknown}
 F - a scroll of amnesia {unknown}
 H - a scroll of fear {unknown}
Potions
 e - a potion of heal wounds {unknown}
 f - a potion of enlightenment {unknown}
 l - 2 potions of might {unknown}
 r - 2 potions of degeneration
 t - 2 potions of ambrosia
 x - a potion of brilliance {unknown}
 E - a potion of haste {unknown}


   Skills:
 + Level 4.2 Fighting
 + Level 3.3 Short Blades
 + Level 3.3 Long Blades
 + Level 3.3 Axes
 + Level 3.3 Maces & Flails
 + Level 3.3 Polearms
 + Level 3.3 Staves
 + Level 3.3 Ranged Weapons
 + Level 3.3 Throwing
 + Level 7.4 Armour
 + Level 4.2 Dodging
 + Level 3.3 Stealth
 + Level 3.3 Shields
 + Level 3.3 Unarmed Combat
 + Level 7.9 Spellcasting
 + Level 2.6 Conjurations
 + Level 2.6 Hexes
 + Level 2.6 Summonings
 + Level 2.6 Necromancy
 + Level 2.6 Translocations
 + Level 2.6 Fire Magic
 + Level 2.6 Ice Magic
 + Level 2.6 Air Magic
 + Level 2.6 Earth Magic
 + Level 2.6 Alchemy
 + Level 3.6 Invocations
 + Level 5.7 Evocations
 + Level 3.0 Shapeshifting


You had 17 spell levels left.
You knew the following spells:

 Your Spells              Type           Power      Damage    Failure   Level
a - Sandblast             Erth           20%        2d7       6%          1
b - Dispel Undead         Necr           10%        3d9       52%         4

Your spell library contained the following spells:

 Spells                   Type           Power      Damage    Failure   Level
 Searing Ray              Conj           20%        2d5       10%         2
 Freeze                   Ice            40%        1d6       6%          1
 Kiss of Death            Conj/Necr      40%        2d8       6%          1
 Confusing Touch          Hex            10%        N/A       19%         3
 Frozen Ramparts          Ice            20%        1d4       19%         3
 Hailstorm                Conj/Ice       10%        3d6       19%         3
 Passwall                 Erth           10%        N/A       19%         3


Dungeon Overview and Level Annotations

Branches:
Dungeon (6/15)             Temple (1/1) D:4           Sewer (visited)

Altars:
Ashenzari
Cheibriados
Dithmenos
Gozag
Okawaru
Qazlal
Ru
Vehumet
Wu Jian
Xom
Yredelemnul
The Shining One


Innate Abilities, Weirdness & Mutations

You have very sharp teeth.
Your uncanny sense of smell can sniff out nearby items.
Your experience applies equally to all skills.


Message History

Vehumet accepts your kill. The wight closely misses you.
You feel your intelligence returning. The wight completely misses you.
The wight attacks as it pursues you! The wight completely misses you.
You slash the wight!
You destroy the wight!
Vehumet accepts your kill.
Your life force feels restored.
You slash the wight!
The wight is heavily damaged.
The wight misses you.
You slash the wight! You freeze the wight.
You destroy the wight!
Vehumet accepts your kill. The wight hits you with a +0 battleaxe!
You feel drained.
You feel your dexterity returning.
Your life force feels restored.
Your Shapeshifting skill increases to level 3!
You closely miss the wight. The wight hits you with a +0 battleaxe!
* * * LOW HITPOINT WARNING * * *
You feel drained.
You hit the wight.
The wight is lightly damaged.
The wight barely misses you.
You hit the wight.
The wight is heavily damaged.
The wight hits you but does no damage.
You hit the wight. You bite the wight, but do no damage.
The wight is severely damaged.
The wight barely misses you.
You hit the wight but do no damage.
The wight is severely damaged.
The wight hits you with a +0 battleaxe!
* * * LOW HITPOINT WARNING * * *
Okay, then.
You feel better. The wight closely misses you.
You hit the wight.
The wight is almost destroyed.
The wight hits you with a +0 battleaxe!
You die...

,*#....(.......####.# *,,***,*
,*####.......<....#.# **,,,,,,
,* #.........##+#+### *******
,* #................#
,*####................#
,,..........).........###*****
,*#######................,,,,*
,* ####..##....#$......,,,,*
,* ####.....##@#.......,,,,*
,* ****##.##.##z#.......,,,,*
,* *,,,...##..#.........,,,,*
** *,*##......###.......,,,,*
*,,,..####.#**.......,,,,*
*****,**##** *..**.......,,,,*
,,,**,**,,,****,,,<......,,,,*
,,,,***,,,,,***,,,.......,,,,*
,,,,,*,,,∆,,,**,,,#+#....,,,**


You could see a wight.

Vanquished Creatures
  A water moccasin (D:5)
  4 bullfrogs
  A gnoll sergeant (D:4)
  A scorpion (D:4)
  2 wights (D:6)
  A howler monkey (D:6)
  A bombardier beetle (D:5)
  A sleepcap (D:4)
  An iguana (D:5)
  An orc wizard (D:5)
  8 adders
  15 gnolls
  15 dart slugs
  4 ribbon worms
  3 orcs
  9 endoplasms
  13 giant cockroaches
  8 hobgoblins
  14 jackals
  3 quokkas
  13 ball pythons
  6 bats
  14 frilled lizards (Sewer)
  8 kobolds
  3 rats
150 creatures vanquished.

Notes
Turn   | Place    | Note
-------+----------+-------------------------------------------
     0 | D:1      | zazu2006 the Gnoll Wanderer began the quest for the Orb.
     0 | D:1      | zazu2006 set off with the following items: a +0 club, a +0
                  | scale mail, a scroll of silence, a wand of polymorph (17);
                  | and the following spell memorised: Sandblast; and the
                  | following spells available to memorise: Passwall.
     0 | D:1      | Reached XP level 1. HP: 17/17 MP: 8/8
   158 | D:1      | Reached XP level 2. HP: 20/23 MP: 7/10
   929 | D:2      | Reached XP level 3. HP: 28/28 MP: 4/11
   932 | D:2      | Reached skill level 1 in Invocations
   940 | D:2      | Identified the +8 hand axe "Meamipe" {freeze, +Blink Str+3
                  | Int-2}
  1409 | D:2      | Reached skill level 1 in Short Blades
  1409 | D:2      | Reached skill level 1 in Long Blades
  1409 | D:2      | Reached skill level 1 in Axes
  1409 | D:2      | Reached skill level 1 in Maces & Flails
  1409 | D:2      | Reached skill level 1 in Polearms
  1409 | D:2      | Reached skill level 1 in Staves
  1409 | D:2      | Reached skill level 1 in Ranged Weapons
  1409 | D:2      | Reached skill level 1 in Throwing
  1409 | D:2      | Reached skill level 1 in Stealth
  1409 | D:2      | Reached skill level 1 in Shields
  1409 | D:2      | Reached skill level 1 in Unarmed Combat
  1731 | D:3      | Reached skill level 1 in Shapeshifting
  1731 | D:3      | Reached XP level 4. HP: 28/34 MP: 13/13
  1790 | D:3      | Found a broken altar of Ashenzari.
  1802 | D:3      | Reached skill level 1 in Conjurations
  1802 | D:3      | Reached skill level 1 in Hexes
  1802 | D:3      | Reached skill level 1 in Summonings
  1802 | D:3      | Reached skill level 1 in Necromancy
  1802 | D:3      | Reached skill level 1 in Translocations
  1802 | D:3      | Reached skill level 1 in Fire Magic
  1802 | D:3      | Reached skill level 1 in Ice Magic
  1802 | D:3      | Reached skill level 1 in Air Magic
  1802 | D:3      | Reached skill level 1 in Earth Magic
  1802 | D:3      | Reached skill level 1 in Alchemy
  2132 | D:3      | Reached XP level 5. HP: 40/40 MP: 14/14
  2187 | D:3      | Found a glowing golden altar of the Shining One.
  2815 | D:4      | Found a staircase to the Ecumenical Temple.
  2827 | Temple   | Entered the Ecumenical Temple
  2856 | Temple   | Became a worshipper of Vehumet
  2967 | D:4      | Found a sacrificial altar of Ru.
  3128 | D:4      | Reached skill level 5 in Evocations
  3128 | D:4      | Reached XP level 6. HP: 47/47 MP: 14/16
  3225 | D:5      | Entered Level 5 of the Dungeon
  3349 | D:5      | Noticed a water moccasin
  3360 | D:5      | Killed a water moccasin
  3500 | D:5      | Reached XP level 7. HP: 34/52 MP: 18/18
  3531 | D:5      | HP: 2/52 [gnoll sergeant/+1 trident of freezing (2)]
  3810 | D:5      | Noticed a vampire
  3830 | D:5      | Learned a level 4 spell: Dispel Undead
  4541 | D:6      | HP: 1/53 [gnoll sergeant/+0 trident (9)]
  4611 | D:6      | Found a glowing drain.
  4629 | Sewer    | Entered a sewer
  4704 | Sewer    | Reached * piety under Vehumet
  4704 | Sewer    | Offered knowledge of Shock by Vehumet.
  4918 | Sewer    | Reached ** piety under Vehumet
  4918 | Sewer    | Offered knowledge of Searing Ray by Vehumet.
  4978 | Sewer    | Reached XP level 8. HP: 39/60 MP: 19/19
  5091 | D:6      | Slain by a wight

Illustrated notes

Levels and vault maps discovered:
D:1:      dpeg_arrival_tiny_k, layout_basic, minivault_26
D:2:      layout_loops_ring, minmay_misc_feat_four_crosses, roderic_lattice_a
D:3:      layout_loops_corners, lemuel_doored_altar, tso_metal_star
D:4:      layout_rooms, overflow_temple_1_default, minmay_temple_entry_wispy
D:5:      layout_basic
D:6:      kennysheep_six_static_rooms, layout_basic, minitemple,
          makhleb_blood_cavern_becter, gup_sewer_entry_glass,
          hangedman_decor_opposing, minmay_manual_mail
Temple:   grunt_temple_mini_profane

Skill      XL: |  1  2  3  4  5  6  7  8 |
---------------+-------------------------+-----
Invocations    | 1 2 3 |  3.6
Short Blades   | 1 2 3 |  3.3
Long Blades    | 1 2 3 |  3.3
Axes           | 1 2 3 |  3.3
Maces & Flails | 1 2 3 |  3.3
Polearms       | 1 2 3 |  3.3
Staves         | 1 2 3 |  3.3
Ranged Weapons | 1 2 3 |  3.3
Throwing       | 1 2 3 |  3.3
Stealth        | 1 2 3 |  3.3
Shields        | 1 2 3 |  3.3
Unarmed Combat | 1 2 3 |  3.3
Shapeshifting  | 1 2 3 |  3.0
Conjurations   | 1 2 |  2.6
Hexes          | 1 2 |  2.6
Summonings     | 1 2 |  2.6
Necromancy     | 1 2 |  2.6
Translocations | 1 2 |  2.6
Fire Magic     | 1 2 |  2.6
Ice Magic      | 1 2 |  2.6
Air Magic      | 1 2 |  2.6
Earth Magic    | 1 2 |  2.6
Alchemy        | 1 2 |  2.6
Fighting       | 3 4 |  4.2
Dodging        | 3 4 |  4.2
Evocations     | 5 |  5.7
Armour         | 7 |  7.4
Spellcasting   | |  7.9

Action                     |  1- 3 |  4- 6 |  7- 9 || total
---------------------------+-------+-------+-------++-------
  Melee: Club              |    27 |       |       ||    27
         Bite              |     2 |    10 |     9 ||    21
         Punch             |     1 |     2 |     2 ||     5
         Hand axe          |    12 |   109 |   162 ||   283
   Cast: Sandblast         |    33 |     2 |     7 ||    42
    Use: Potion            |       |     2 |     2 ||     4
         Scroll            |       |       |     5 ||     5
 Armour: Scale mail        |    60 |    75 |   132 ||   267
  Dodge: Dodged            |    35 |    58 |   122 ||   215

Table legend: (Time is in decaauts)
 A = Elapsed time spent in this place.
 B = Non-inter-level travel time spent in this place.
 C = Inter-level travel time spent in this place.
 D = Time resting spent in this place.
 E = Time spent auto-exploring this place.
 F = Levels seen in this place.
 G = Mean time per level.
                   A        B        C        D        E       F      G
               +--------+--------+--------+--------+--------+-----+--------+
         Total |   5240 |   5095 |    145 |    580 |   3319 |   8 |  655.0 |
       Dungeon |   4720 |   4627 |     93 |    580 |   3140 |   6 |  786.7 |
        Temple |     53 |      1 |     52 |      0 |      0 |   1 |   53.0 |
         Sewer |    465 |    465 |      0 |      0 |    179 |   1 |  465.0 |
               +--------+--------+--------+--------+--------+-----+--------+

Top non-repeatable levels by time:
     D:4: 1106 daAuts
     D:3: 1001 daAuts
     D:1: 895 daAuts
     D:2: 827 daAuts
     D:5: 759 daAuts
   Sewer: 465 daAuts
     D:6: 130 daAuts
  Temple: 53 daAuts
